 Dungeon Crawl Stone Soup version 0.25.1-4-g9407a263a5 (webtiles) character file.

Game seed: 11727521339157069039

303 Qrupt the Stinger (level 6, -1/36 HPs)
             Began as an Octopode Venom Mage on Nov 28, 2020.
             Succumbed to a water moccasin's poison
             ... on level 5 of the Dungeon.
             The game lasted 00:12:59 (5364 turns).

Qrupt the Stinger (Octopode Venom Mage)             Turns: 5364, Time: 00:12:59

Health: -1/36      AC:  1    Str: 13    XL:     6   Next: 38%
Magic:  10/10      EV: 14    Int: 19    God:
Gold:   181        SH:  0    Dex: 13    Spells: 4/10 levels left

rFire    . . .     SeeInvis .   j - +0 short sword
rCold    . . .     Gourm    .   (no shield)
rNeg     . . .     Faith    .   (helmet restricted)
rPois    .         Spirit   .   (no amulet)
rElec    .         Reflect  .   o - +6 ring of strength
rCorr    .         Harm     .   (no ring)
MR       .....                  (no ring)
Stlth    ++++......             (no ring)
HPRegen  0.12/turn              (no ring)
MPRegen  0.12/turn              (no ring)
                                (no ring)
                                (no ring)

@: mighty, brilliant, lethally poisoned (-1 -> -32), stab
A: almost no armour, stealthy swim, amphibious, 8 rings, constrict 8, camouflage
1, gelatinous body 1
a: no special abilities


You were on level 5 of the Dungeon.
You were hungry.

You visited 1 branch of the dungeon, and saw 5 of its levels.

You collected 181 gold pieces.

Inventory:

Hand Weapons
 j - a +0 short sword (weapon)
Armour
 k - a +0 buckler
Magical Staves
 t - an uncursed staff of earth
Jewellery
 o - a +6 ring of strength (left tentacle)
Wands
 r - a wand of clouds (1)
Scrolls
 c - a scroll of identify
 d - 2 scrolls of amnesia
 e - 2 scrolls of remove curse
 i - a scroll of enchant weapon {unknown}
 l - 4 scrolls of magic mapping
 n - 2 scrolls of teleportation
 q - a scroll of random uselessness {unknown}
Potions
 a - a potion of brilliance
 f - a potion of flight {unknown}
 g - a potion of resistance {unknown}
 h - 2 potions of might
 m - a potion of stabbing
 p - a potion of ambrosia {unknown}
 s - a potion of heal wounds {unknown}
Comestibles
 b - 5 rations


   Skills:
 + Level 0.0 Fighting
 + Level 3.2 Dodging
 + Level 4.7 Stealth
 + Level 0.0 Shields
 + Level 2.9 Spellcasting
 - Level 2.6 Transmutations
 + Level 1.9 Air Magic
 + Level 4.7 Poison Magic


You had 4 spell levels left.
You knew the following spells:

 Your Spells              Type           Power        Failure   Level  Hunger
a - Sting                 Tmut/Pois      ####         3%          1    None
b - Poisonous Vapours     Pois/Air       ###...       6%          2    None
c - Mephitic Cloud        Conj/Pois/Air  ###.....     19%         3    None

Your spell library contained the following spells:

 Spells                   Type           Power        Failure   Level  Hunger
 Ignite Poison            Fire/Tmut/Pois ###.....     17%         3    None
 Olgreb's Toxic Radiance  Pois           ####....     22%         4    None


Dungeon Overview and Level Annotations

Branches:
Dungeon (5/15)
 Temple: D:4-7

Altars:
Elyvilon
Fedhas
Gozag
Hepliaklqana
Wu Jian
Zin

Shops:
D:4 :

Annotations:
D:4 exclusion: phantom


Innate Abilities, Weirdness & Mutations

You cannot wear most types of armour.
You are very stealthy in the water. (Stealth+)
You are amphibious.
You can wear up to eight rings at the same time.
You can use your tentacles to constrict eight enemies at once.
Your skin changes colour to match your surroundings (Stealth+).
Your rubbery body absorbs attacks. (AC +1, EV +1)


Message History

You create a blast of noxious fumes!
You feel sick. The water moccasin bites you. The water moccasin bites you!
* * * LOW HITPOINT WARNING * * *
You are more poisoned.
The water moccasin poisons you!
It was a potion of might.
You feel very mighty all of a sudden.
* * * LOW HITPOINT WARNING * * *
You feel very sick. The water moccasin closely misses you.
It was a potion of brilliance.
You feel clever all of a sudden.
Your surroundings suddenly seem different.
* * * LOW HITPOINT WARNING * * *
You feel sick.
Found a robe, 39 gold pieces, a ration and a scroll of identify.
A scorpion and a centaur come into view.
It was a potion of stabbing.
You feel ready to backstab.
You die...

#.# # #.# . #s
#.#
..##.##.#####+#
...............
...............
...........%...
.......@......$
?c..........$.$
..............$
........#######
........#
#########


You could see a centaur (asleep) and a scorpion (asleep).

Vanquished Creatures
  A scorpion (D:4)
  2 orc wizards
  A centaur skeleton (D:4)
  2 gnolls (D:3)
  An ooze (D:3)
  A worm (D:3)
  2 dart slugs
  3 leopard geckos
  20 orcs
  3 ball pythons
  4 giant cockroaches
  11 goblins
  8 hobgoblins
  19 jackals
  8 kobolds
  2 quokkas (D:2)
  6 bats
  8 frilled lizards
  10 rats
112 creatures vanquished.

Notes
Turn   | Place    | Note
-------+----------+-------------------------------------------
     0 | D:1      | Qrupt the Octopode Venom Mage began the quest for the Orb.
     0 | D:1      | Reached XP level 1. HP: 11/11 MP: 3/3
   100 | D:1      | You fall into a shaft and drop 1 floor!
   161 | D:2      | Reached XP level 2. HP: 17/17 MP: 1/5
   975 | D:1      | Reached XP level 3. HP: 14/21 MP: 2/6
  1563 | D:2      | Learned a level 2 spell: Poisonous Vapours
  1732 | D:2      | Found a faded altar of an unknown god.
  2300 | D:2      | Reached XP level 4. HP: 27/27 MP: 7/7
  3144 | D:3      | Found a blossoming altar of Fedhas.
  3316 | D:3      | Reached skill level 1 in Air Magic
  3333 | D:3      | Reached XP level 5. HP: 19/31 MP: 2/8
  4093 | D:3      | Learned a level 3 spell: Mephitic Cloud
  4214 | D:3      | Found a glowing silver altar of Zin.
  4420 | D:4      | Found an ornate altar of the Wu Jian Council.
  4422 | D:4      | Found a white marble altar of Elyvilon.
  4423 | D:4      | Found an opulent altar of Gozag.
  4680 | D:4      | Reached XP level 6. HP: 28/36 MP: 10/10
  5104 | D:4      | Found a hazy altar of Hepliaklqana.
  5219 | D:4      | Noticed a phantom
  5266 | D:4      | Found Wiocw's Book Emporium.
  5326 | D:5      | Entered Level 5 of the Dungeon
  5354 | D:5      | Noticed a water moccasin
  5364 | D:5      | Succumbed to a water moccasin's poison

Illustrated notes

Levels and vault maps discovered:
D:1:      matt_arrival_grand_opening, layout_loops_corners
D:2:      layout_basic, chequers_ecumenical_altar_island
D:3:      layout_loops_ring, overflow_temple_1_default,
          overflow_temple_1_default, minmay_cut_off
D:4:      layout_basic, kennysheep_mini, grunt_temple_overflow_open,
          serial_shops, nicolae_shop_trees, nrook_loot_triangle
D:5:      layout_basic, grunt_temple_overflow_bloody_war,
          minmay_temple_entry_gardened_gates, first_ration, serial_shops,
          shop_coins, shop_statue, shop, shop, kennysheep_mini_moat,
          lemuel_another_geyser

Skill      XL: |  1  2  3  4  5 |
---------------+----------------+-----
Stealth        | 3 4 |  4.7
Poison Magic   | 4 |  4.7
Transmutations | 2 |  2.6
Air Magic      | 1 |  1.9
Dodging        | 3 |  3.2
Spellcasting   | |  2.9

Action                   |  1- 3 |  4- 6 || total
-------------------------+-------+-------++-------
Melee: Unarmed           |    37 |     6 ||    43
       Constrict         |    11 |    17 ||    28
       Tentacles         |     5 |    10 ||    15
       Short sword       |       |    58 ||    58
 Cast: Sting             |    58 |    85 ||   143
       Poisonous Vapours |       |     9 ||     9
Evoke: Wand              |       |     1 ||     1
  Use: Scroll            |       |     5 ||     5
       Potion            |       |     3 ||     3
 Stab: Sleeping          |     3 |     4 ||     7
       Distracted        |       |     1 ||     1
  Eat: Chunk             |     5 |     9 ||    14
Armor: Skin              |       |     5 ||     5
Dodge: Dodged            |    35 |    59 ||    94
